Detroit Red Wings vs Minnesota North Stars
Created - Saturday, November 30, 2024 at 09:21
Goals
|
| Detroit Red Wings |
1 |
1 |
0 |
0 |
0 |
2 |
| Minnesota North Stars |
1 |
1 |
0 |
0 |
1 |
3 |
|
Shots
|
| Detroit Red Wings |
13 |
11 |
6 |
0 |
6 |
30 |
| Minnesota North Stars |
10 |
11 |
9 |
0 |
6 |
30 |
|
1st period
1. Minnesota North Stars , Ryan Nugent-Hopkins 21 (Gustav Forsling 14) at 1:18
2. Detroit Red Wings , Daniel Sprong 16 (Raphael Lavoie 5) at 14:49
Penalties :
No Penalty
2nd period
3. Minnesota North Stars , Neal Pionk 6 (William Karlsson 31, Evgeni Malkin 36) at 3:35 (PP)
4. Detroit Red Wings , Matthew Boldy 31 (Mika Zibanejad 55, Steven Stamkos 46) at 15:06 (PP)
Penalties :
Raphael Lavoie (DET) for Roughing (Minor) at 3:09, Lawson Crouse (MNS) for Tripping (Minor) at 11:11, Gustav Forsling (MNS) for Cross-checking (Minor) at 13:54, Matthew Boldy (DET) for Holding (Minor) at 18:58
3rd period
No Goal
Penalties :
Raphael Lavoie (DET) for Cross-checking (Minor) at 2:03, Brendan Gallagher (DET) for Slashing (Minor) at 5:36
Overtime #1
No Goal
Penalties :
No Penalty
Shootout
Detroit Red Wings, Mika Zibanejad - Stopped by Stuart Skinner
Minnesota North Stars, Valeri Nichushkin - Shot Misses the Net
Detroit Red Wings, Steven Stamkos - Stopped by Stuart Skinner
Minnesota North Stars, Evgeni Malkin - Stopped by Calvin Pickard
Detroit Red Wings, Matthew Boldy - Shot Misses the Net
Minnesota North Stars, William Karlsson - Stopped by Calvin Pickard
Detroit Red Wings, Carter Verhaeghe - Stopped by Stuart Skinner
Minnesota North Stars, Jack Hughes - Shot Misses the Net
Detroit Red Wings, Jared McCann - Stopped by Stuart Skinner
Minnesota North Stars, Brock Nelson - Stopped by Calvin Pickard
Detroit Red Wings, Zach Bogosian - Stopped by Stuart Skinner
Minnesota North Stars, Yegor Sharangovich - Goal!
Penalties :
No Penalty
Goalie Stats
Calvin Pickard (DET), 28 saves from 30 shots - (0.933), OTL, 24-11-7, 65:00 minutes
Stuart Skinner (MNS), 28 saves from 30 shots - (0.933), W, 18-22-3, 65:00 minutes
Players Stats for Detroit Red Wings
Player Name G A P +/- PIM S H SB GA TA FO MP PP MP PK MP
------------------------------------------------------------------------------------
Brendan Gallagher 0 0 0 -1 2 3 0 0 0 0 0/1 7:39 0:00 0:00
Carter Verhaeghe 0 0 0 0 0 3 3 0 1 0 1/2 18:05 1:16 0:00
Christian Fischer 0 0 0 1 0 2 1 0 0 0 0/1 13:46 0:00 0:00
Daniel Sprong 1 0 1 1 0 2 2 0 0 0 0/0 13:00 0:00 0:03
Jackson LaCombe 0 0 0 0 0 0 1 3 0 0 0/0 21:07 0:41 3:08
Jared McCann 0 0 0 0 0 1 1 1 1 1 0/0 20:47 1:55 3:07
Keegan Kolesar 0 0 0 -1 0 1 1 0 0 0 0/0 10:46 0:00 3:11
Kevin Shattenkirk 0 0 0 0 0 1 0 0 0 1 0/0 14:22 2:21 0:00
Kevin Stenlund 0 0 0 -1 0 1 2 0 0 0 4/5 10:46 0:00 3:11
MacKenzie Weegar 0 0 0 -1 0 1 4 1 0 3 0/0 28:21 0:42 3:08
Matthew Boldy 1 0 1 0 2 4 0 0 1 1 0/1 17:31 1:16 0:00
Mika Zibanejad 0 1 1 0 0 0 0 1 1 0 11/16 22:06 1:16 3:09
Patrick Kane 0 0 0 0 0 3 0 0 1 0 2/2 16:53 1:55 0:00
Raphael Lavoie 0 1 1 1 4 0 2 1 1 0 3/4 13:58 0:00 0:00
Shayne Gostisbehere 0 0 0 1 0 2 0 2 1 1 0/0 18:04 0:50 0:00
Steven Stamkos 0 1 1 0 0 4 3 0 0 0 12/19 18:16 1:55 0:05
Zach Bogosian 0 0 0 1 0 1 2 1 0 2 0/0 22:01 0:00 3:15
Zachary Werenski 0 0 0 -1 0 1 1 2 0 0 0/0 26:05 1:48 3:15
Players Stats for Minnesota North Stars
Player Name G A P +/- PIM S H SB GA TA FO MP PP MP PK MP
------------------------------------------------------------------------------------
Brock Nelson 0 0 0 0 0 0 2 0 0 0 2/2 18:20 3:15 0:00
Dylan DeMelo 0 0 0 0 0 0 1 3 0 0 0/0 16:20 0:00 0:35
Eeli Tolvanen 0 0 0 1 0 2 0 0 0 0 0/0 10:00 0:00 0:00
Evan Rodrigues 0 0 0 1 0 1 0 0 0 0 0/1 10:00 0:00 0:00
Evgeni Malkin 0 1 1 -1 0 2 0 0 0 1 5/17 18:38 3:15 0:00
Frank Vatrano 0 0 0 0 0 3 3 0 0 0 0/2 17:46 3:08 1:27
Gustav Forsling 0 1 1 1 2 0 1 0 0 1 0/0 23:45 3:04 0:37
Jack Hughes 0 0 0 0 0 1 1 1 4 1 5/11 18:04 3:08 0:00
Justin Faulk 0 0 0 -1 0 0 1 1 0 2 0/0 24:49 3:19 1:59
Lawson Crouse 0 0 0 -1 2 2 1 0 1 1 0/1 15:33 0:00 0:29
Matt Roy 0 0 0 1 0 0 0 0 0 0 0/0 17:26 0:00 0:00
Neal Pionk 1 0 1 0 0 1 5 1 1 0 0/0 22:37 3:04 1:12
Rasmus Dahlin 0 0 0 -1 0 0 2 1 1 1 0/0 25:02 3:19 1:59
Ryan Nugent-Hopkins 1 0 1 1 0 3 0 0 0 0 3/8 12:37 0:00 1:27
Valeri Nichushkin 0 0 0 0 0 0 0 0 1 0 0/0 15:59 3:08 0:00
William Eklund 0 0 0 0 0 2 1 0 1 0 0/0 15:17 0:00 1:01
William Karlsson 0 1 1 0 0 11 0 0 0 0 3/9 20:51 3:15 1:44
Yegor Sharangovich 0 0 0 -1 0 2 0 0 0 0 0/0 13:43 0:00 0:14
3 Stars
1 - Neal Pionk (MNS)
2 - Daniel Sprong (DET)
3 - Ryan Nugent-Hopkins (MNS)
Power Play
Detroit Red Wings - 1 on 2 Attempt(s) - 50.00%
Minnesota North Stars - 1 on 4 Attempt(s) - 25.00%
Penalty Kill
Detroit Red Wings - 3 on 4 Attempt(s) - 75.00%
- Score 0 goal in Penalty Kill
Minnesota North Stars - 1 on 2 Attempt(s) - 50.00%
- Score 0 goal in Penalty Kill
Team Stat
Detroit Red Wings - Hits : 23 - Faceoff Wins : 33 - Blocked Shots : 12 - Penalty Minutes : 8
Minnesota North Stars - Hits : 18 - Faceoff Wins : 18 - Blocked Shots : 7 - Penalty Minutes : 4
Official
Referees : Marc Joannette and Mitch Dunning
Linesman : Kiel Murchison and Ryan Gibbons
Game Notes
No Game Note
Finance
Level 1 -- Attendance: 4357 (72.62%) -- Ticket Income $435,700
Level 2 -- Attendance: 3948 (78.96%) -- Ticket Income $236,880
Level 3 -- Attendance: 2313 (77.10%) -- Ticket Income $80,955
Level 4 -- Attendance: 3510 (70.20%) -- Ticket Income $87,750
Luxury Box -- Attendance: 705 (70.50%) -- Ticket Income $141,000
Game was played at the Met Center.
Total Attendance: 14833 (74.17%)
Total Ticket Income: $982,285
Other Income: $343,800
Total Income: $1,326,085
Detroit Red Wings
5 vs 5 Forward
Center Left Wing Right Wing Time % Phy DF OF
1 Steven Stamkos Jared McCann Patrick Kane 35 1 2 2
2 Mika Zibanejad Carter Verhaeghe Matthew Boldy 35 1 2 2
3 Raphael Lavoie Daniel Sprong Christian Fischer 20 1 2 2
4 Kevin Stenlund Brendan Gallagher Keegan Kolesar 10 2 2 1
5 vs 5 Defense
Defense Defense Time % Phy DF OF
1 Zachary Werenski MacKenzie Weegar 40 1 2 2
2 Zach Bogosian Shayne Gostisbehere 30 1 2 2
3 Jackson LaCombe Kevin Shattenkirk 20 3 1 1
4 Jackson LaCombe MacKenzie Weegar 10 1 2 2
PowerPlay Forward
Center Left Wing Right Wing Time % Phy DF OF
1 Steven Stamkos Jared McCann Patrick Kane 50 0 1 4
2 Mika Zibanejad Carter Verhaeghe Matthew Boldy 50 0 1 4
PowerPlay Defense
Defense Defense Time % Phy DF OF
1 Shayne Gostisbehere MacKenzie Weegar 50 1 2 2
2 Zachary Werenski Kevin Shattenkirk 50 1 2 2
Penalty Kill 4 Players Forward
Center Wing Time % Phy DF OF
1 Mika Zibanejad Jared McCann 50 2 2 1
2 Kevin Stenlund Keegan Kolesar 50 2 2 1
Penalty Kill 4 Players Defense
Defense Defense Time % Phy DF OF
1 Jackson LaCombe MacKenzie Weegar 50 2 2 1
2 Zach Bogosian Zachary Werenski 50 2 2 1
Penalty Kill - 3 Players Forward
Forward Time % Phy DF OF
1 Mika Zibanejad 50 1 2 2
2 Steven Stamkos 50 1 2 2
Penalty Kill - 3 Players Defense
Defense Defense Time % Phy DF OF
1 Jackson LaCombe MacKenzie Weegar 50 1 2 2
2 Zach Bogosian Zachary Werenski 50 2 2 1
4 vs 4 Forward
Center Wing Time % Phy DF OF
1 Mika Zibanejad Carter Verhaeghe 60 1 2 2
2 Steven Stamkos Matthew Boldy 40 1 1 3
4 vs 4 Defense
Defense Defense Time % Phy DF OF
1 Zachary Werenski MacKenzie Weegar 60 1 2 2
2 Zach Bogosian Jackson LaCombe 40 1 2 2
Last Minutes Offensive
Center Left Wing Right Wing Defense Defense
Mika Zibanejad Carter Verhaeghe Matthew Boldy Zachary Werenski MacKenzie Weegar
Last Minutes Defensive
Center Left Wing Right Wing Defense Defense
Mika Zibanejad Carter Verhaeghe Matthew Boldy Zachary Werenski MacKenzie Weegar
Goaltenders
Starting : Calvin Pickard
Backup : Laurent Brossoit
Extra Forwards
Normal : Raphael Lavoie, Christian Fischer, Daniel Sprong - PP : Kevin Stenlund, Daniel Sprong - PK : Steven Stamkos
Extra Defensemen
Normal : Kevin Shattenkirk, Jackson LaCombe, MacKenzie Weegar - PP : Kevin Shattenkirk - PK : Kevin Shattenkirk, Jackson LaCombe
Penalty Shots
Mika Zibanejad, Steven Stamkos, Matthew Boldy, Carter Verhaeghe, Jared McCann
Scratches
Alexander Barabanov (Healthy), Philippe Myers (Healthy), Vitek Vanecek (Healthy)
Minnesota North Stars
5 vs 5 Forward
Center Left Wing Right Wing Time % Phy DF OF
1 Jack Hughes Brock Nelson Valeri Nichushkin 29 0 2 3
2 William Karlsson William Eklund Frank Vatrano 27 0 2 3
3 Evgeni Malkin Yegor Sharangovich Lawson Crouse 27 0 2 3
4 Ryan Nugent-Hopkins Evan Rodrigues Eeli Tolvanen 17 0 2 3
5 vs 5 Defense
Defense Defense Time % Phy DF OF
1 Rasmus Dahlin Justin Faulk 34 2 2 1
2 Neal Pionk Dylan DeMelo 33 2 2 1
3 Matt Roy Gustav Forsling 33 2 2 1
4 Rasmus Dahlin Justin Faulk 0 1 2 2
PowerPlay Forward
Center Left Wing Right Wing Time % Phy DF OF
1 Jack Hughes Valeri Nichushkin Frank Vatrano 50 0 0 5
2 Evgeni Malkin Brock Nelson William Karlsson 50 0 0 5
PowerPlay Defense
Defense Defense Time % Phy DF OF
1 Rasmus Dahlin Justin Faulk 50 0 1 4
2 Neal Pionk Gustav Forsling 50 0 1 4
Penalty Kill 4 Players Forward
Center Wing Time % Phy DF OF
1 William Karlsson Lawson Crouse 50 1 3 1
2 Ryan Nugent-Hopkins Frank Vatrano 50 1 3 1
Penalty Kill 4 Players Defense
Defense Defense Time % Phy DF OF
1 Rasmus Dahlin Justin Faulk 50 1 4 0
2 Neal Pionk Gustav Forsling 50 1 4 0
Penalty Kill - 3 Players Forward
Forward Time % Phy DF OF
1 William Karlsson 50 1 3 1
2 Ryan Nugent-Hopkins 50 1 3 1
Penalty Kill - 3 Players Defense
Defense Defense Time % Phy DF OF
1 Rasmus Dahlin Justin Faulk 50 1 4 0
2 Neal Pionk Gustav Forsling 50 1 4 0
4 vs 4 Forward
Center Wing Time % Phy DF OF
1 Evgeni Malkin Brock Nelson 50 0 2 3
2 William Karlsson Jack Hughes 50 0 2 3
4 vs 4 Defense
Defense Defense Time % Phy DF OF
1 Rasmus Dahlin Justin Faulk 50 1 2 2
2 Neal Pionk Gustav Forsling 50 1 2 2
Last Minutes Offensive
Center Left Wing Right Wing Defense Defense
Evgeni Malkin Valeri Nichushkin Frank Vatrano Rasmus Dahlin Justin Faulk
Last Minutes Defensive
Center Left Wing Right Wing Defense Defense
Evgeni Malkin Valeri Nichushkin Frank Vatrano Rasmus Dahlin Justin Faulk
Goaltenders
Starting : Stuart Skinner
Backup : Charlie Lindgren
Extra Forwards
Normal : Ryan Nugent-Hopkins, Lawson Crouse, William Eklund - PP : Ryan Nugent-Hopkins, Lawson Crouse - PK : William Eklund
Extra Defensemen
Normal : Matt Roy, Dylan DeMelo, Neal Pionk - PP : Matt Roy - PK : Dylan DeMelo, Neal Pionk
Penalty Shots
Valeri Nichushkin, Evgeni Malkin, William Karlsson, Jack Hughes, Brock Nelson
Scratches
Jonas Brodin (Healthy), Viktor Arvidsson (Healthy), Roni Hirvonen (Healthy), Oskari Salminen (Healthy)
% Time on Ice - Detroit Red Wings
Lines # - Real PCT - Wanted PCT - Time Play
Normal Forward
1 - 32% - 35% - 16:02
2 - 29% - 35% - 14:36
3 - 24% - 20% - 12:13
4 - 15% - 10% - 7:35
Normal Defense
1 - 39% - 40% - 19:43
2 - 34% - 30% - 17:11
3 - 22% - 20% - 10:57
4 - 5% - 10% - 2:35
PP Forward
1 - 60% - 50% - 1:55
2 - 40% - 50% - 1:16
PP Defense
1 - 26% - 50% - 0:50
2 - 74% - 50% - 2:21
PK Forward
1 - 50% - 50% - 3:12
2 - 50% - 50% - 3:11
PK Defense
1 - 49% - 50% - 3:08
2 - 51% - 50% - 3:15
PK3 Forward
1 - 0% - 50%
2 - 0% - 50%
PK3 Defense
1 - 0% - 50%
2 - 0% - 50%
44 Forward
1 - 76% - 60% - 3:47
2 - 24% - 40% - 1:13
44 Defense
1 - 52% - 60% - 2:36
2 - 48% - 40% - 2:24
Last Minute Offensive - 0:00
Last Minute Defensive - 0:00
Total
Forward - 65:00
Defense - 65:00
|
% Time on Ice - Minnesota North Stars
Lines # - Real PCT - Wanted PCT - Time Play
Normal Forward
1 - 27% - 29% - 13:36
2 - 26% - 27% - 13:21
3 - 27% - 27% - 13:29
4 - 20% - 17% - 10:00
Normal Defense
1 - 34% - 34% - 17:08
2 - 33% - 33% - 16:35
3 - 33% - 33% - 16:43
4 - 0% - 0% - 0:00
PP Forward
1 - 49% - 50% - 3:08
2 - 51% - 50% - 3:15
PP Defense
1 - 52% - 50% - 3:19
2 - 48% - 50% - 3:04
PK Forward
1 - 54% - 50% - 1:44
2 - 46% - 50% - 1:27
PK Defense
1 - 62% - 50% - 1:59
2 - 38% - 50% - 1:12
PK3 Forward
1 - 0% - 50%
2 - 0% - 50%
PK3 Defense
1 - 0% - 50%
2 - 0% - 50%
44 Forward
1 - 51% - 50% - 2:32
2 - 49% - 50% - 2:28
44 Defense
1 - 48% - 50% - 2:23
2 - 52% - 50% - 2:37
Last Minute Offensive - 0:00
Last Minute Defensive - 0:00
Total
Forward - 65:00
Defense - 65:00
|
Play-by-Play
1st period
0:01 of 1st period - Jack Hughes wins face-off versus Steven Stamkos in neutral zone.
0:26 of 1st period - Matthew Boldy is hit by Frank Vatrano and loses puck.
0:52 of 1st period - Snap shot by Matthew Boldy.
0:52 of 1st period - Shot Misses the Net.
1:18 of 1st period - Slapshot by Ryan Nugent-Hopkins.
1:18 of 1st period - Goal by Ryan Nugent-Hopkins - Detroit Red Wings : 0 - Minnesota North Stars : 1.
1:19 of 1st period - Brock Nelson wins face-off versus Steven Stamkos in neutral zone.
1:46 of 1st period - Shayne Gostisbehere is hit by Gustav Forsling and loses puck.
2:12 of 1st period - Christian Fischer is hit by Rasmus Dahlin and loses puck.
2:29 of 1st period - Snap shot by Steven Stamkos.
2:29 of 1st period - Stopped by Stuart Skinner with a rebound.
2:31 of 1st period - Slapshot by Jackson LaCombe.
2:31 of 1st period - Deflect By Steven Stamkos.
2:31 of 1st period - Shot Misses the Net.
2:31 of 1st period - Puck is out of play.
2:32 of 1st period - Steven Stamkos wins face-off versus Jack Hughes in Minnesota North Stars zone.
2:35 of 1st period - Wrist shot by Steven Stamkos.
2:35 of 1st period - Stopped by Stuart Skinner with a rebound.
2:37 of 1st period - Slapshot by MacKenzie Weegar.
2:37 of 1st period - Deflect By Brock Nelson.
2:37 of 1st period - Stopped by Stuart Skinner with a rebound.
2:39 of 1st period - Wrist shot by MacKenzie Weegar.
2:39 of 1st period - Shot Blocked by Dylan DeMelo.
3:07 of 1st period - Icing by Evgeni Malkin.
3:08 of 1st period - Evgeni Malkin wins face-off versus Brendan Gallagher in Minnesota North Stars zone.
3:17 of 1st period - Kevin Stenlund is hit by Neal Pionk and loses puck.
3:34 of 1st period - Snap shot by William Karlsson.
3:34 of 1st period - Stopped by Calvin Pickard without a rebound.
3:35 of 1st period - Steven Stamkos wins face-off versus William Karlsson in Detroit Red Wings zone.
3:44 of 1st period - Snap shot by Steven Stamkos.
3:44 of 1st period - Shot Misses the Net.
5:05 of 1st period - Wrist shot by Patrick Kane.
5:05 of 1st period - Stopped by Stuart Skinner without a rebound.
5:06 of 1st period - Steven Stamkos wins face-off versus Jack Hughes in Minnesota North Stars zone.
5:17 of 1st period - Steven Stamkos is hit by Dylan DeMelo and loses puck.
5:30 of 1st period - Snap shot by Valeri Nichushkin.
5:30 of 1st period - Shot Misses the Net.
5:42 of 1st period - Rasmus Dahlin is hit by Steven Stamkos and loses puck.
6:16 of 1st period - Wrist shot by Valeri Nichushkin.
6:16 of 1st period - Deflect By Brock Nelson.
6:16 of 1st period - Shot Misses the Net.
6:16 of 1st period - Puck is out of play.
6:17 of 1st period - Mika Zibanejad wins face-off versus Evgeni Malkin in Detroit Red Wings zone.
6:45 of 1st period - Matt Roy is hit by Kevin Stenlund.
7:35 of 1st period - Snap shot by Matthew Boldy.
7:35 of 1st period - Stopped by Stuart Skinner with a rebound.
7:37 of 1st period - Wrist shot by Matthew Boldy.
7:37 of 1st period - Stopped by Stuart Skinner with a rebound.
7:51 of 1st period - Snap shot by William Karlsson.
7:51 of 1st period - Deflect By Frank Vatrano.
7:51 of 1st period - Stopped by Calvin Pickard with a rebound.
8:17 of 1st period - Wrist shot by Ryan Nugent-Hopkins.
8:17 of 1st period - Shot Misses the Net.
8:56 of 1st period - Christian Fischer is hit by Neal Pionk and loses puck.
9:09 of 1st period - Wrist shot by Brendan Gallagher.
9:09 of 1st period - Stopped by Stuart Skinner with a rebound.
9:11 of 1st period - Snap shot by Kevin Stenlund.
9:11 of 1st period - Shot Blocked by Neal Pionk.
9:13 of 1st period - Snap shot by Kevin Stenlund.
9:13 of 1st period - Stopped by Stuart Skinner with a rebound.
9:28 of 1st period - Icing by Ryan Nugent-Hopkins.
9:29 of 1st period - Mika Zibanejad wins face-off versus Ryan Nugent-Hopkins in Minnesota North Stars zone.
9:30 of 1st period - Wrist shot by Matthew Boldy.
9:30 of 1st period - Stopped by Stuart Skinner with a rebound.
9:40 of 1st period - Slapshot by Evan Rodrigues.
9:40 of 1st period - Stopped by Calvin Pickard with a rebound.
9:42 of 1st period - Slapshot by Justin Faulk.
9:42 of 1st period - Shot Misses the Net.
9:44 of 1st period - Backhand shot by Justin Faulk.
9:44 of 1st period - Shot Blocked by Mika Zibanejad.
10:37 of 1st period - Justin Faulk is hit by Keegan Kolesar and loses puck.
11:40 of 1st period - Slapshot by Steven Stamkos.
11:40 of 1st period - Stopped by Stuart Skinner without a rebound.
11:41 of 1st period - Patrick Kane wins face-off versus Evan Rodrigues in Minnesota North Stars zone.
13:13 of 1st period - Dylan DeMelo is hit by Carter Verhaeghe and loses puck.
13:30 of 1st period - MacKenzie Weegar is hit by Lawson Crouse and loses puck.
14:01 of 1st period - Slapshot by William Karlsson.
14:01 of 1st period - Stopped by Calvin Pickard with a rebound.
14:03 of 1st period - Slapshot by Dylan DeMelo.
14:03 of 1st period - Shot Blocked by Jackson LaCombe.
14:05 of 1st period - Snap shot by William Eklund.
14:05 of 1st period - Stopped by Calvin Pickard with a rebound.
14:43 of 1st period - Snap shot by Daniel Sprong.
14:43 of 1st period - Shot Misses the Net.
14:45 of 1st period - Wrist shot by Zach Bogosian.
14:45 of 1st period - Stopped by Stuart Skinner without a rebound.
14:46 of 1st period - Raphael Lavoie wins face-off versus Evgeni Malkin in Minnesota North Stars zone.
14:49 of 1st period - Wrist shot by Daniel Sprong.
14:49 of 1st period - Goal by Daniel Sprong - Detroit Red Wings : 1 - Minnesota North Stars : 1.
14:50 of 1st period - Carter Verhaeghe wins face-off versus Evgeni Malkin in neutral zone.
15:50 of 1st period - Matt Roy is hit by Zach Bogosian and loses puck.
16:05 of 1st period - Wrist shot by Yegor Sharangovich.
16:05 of 1st period - Stopped by Calvin Pickard without a rebound.
16:06 of 1st period - Mika Zibanejad wins face-off versus Evgeni Malkin in Detroit Red Wings zone.
16:15 of 1st period - Slapshot by Evgeni Malkin.
16:15 of 1st period - Shot Misses the Net.
16:17 of 1st period - Wrist shot by Yegor Sharangovich.
16:17 of 1st period - Shot Misses the Net.
16:59 of 1st period - Snap shot by Keegan Kolesar.
16:59 of 1st period - Stopped by Stuart Skinner without a rebound.
17:00 of 1st period - William Karlsson wins face-off versus Carter Verhaeghe in Minnesota North Stars zone.
17:31 of 1st period - Wrist shot by William Karlsson.
17:31 of 1st period - Stopped by Calvin Pickard without a rebound.
17:32 of 1st period - Steven Stamkos wins face-off versus Jack Hughes in Detroit Red Wings zone.
17:32 of 1st period - Steven Stamkos is hit by Jack Hughes.
18:43 of 1st period - Snap shot by Ryan Nugent-Hopkins.
18:43 of 1st period - Stopped by Calvin Pickard with a rebound.
18:45 of 1st period - Wrist shot by Eeli Tolvanen.
18:45 of 1st period - Deflect By Ryan Nugent-Hopkins.
18:45 of 1st period - Stopped by Calvin Pickard with a rebound.
19:07 of 1st period - Wrist shot by Yegor Sharangovich.
19:07 of 1st period - Shot Misses the Net.
19:28 of 1st period - William Eklund is hit by Carter Verhaeghe and loses puck.
19:41 of 1st period - Jack Hughes is hit by Jared McCann and loses puck.
19:50 of 1st period - Slapshot by Brock Nelson.
19:50 of 1st period - Shot Misses the Net.
19:52 of 1st period - Wrist shot by Rasmus Dahlin.
19:52 of 1st period - Shot Blocked by Shayne Gostisbehere.
Goals for this period are 1 for Detroit Red Wings vs 1 for Minnesota North Stars.
Shots for this period are 13 for Detroit Red Wings vs 10 for Minnesota North Stars.
2nd period
0:01 of 2nd period - Evgeni Malkin wins face-off versus Mika Zibanejad in neutral zone.
0:26 of 2nd period - Evgeni Malkin is hit by Raphael Lavoie and loses puck.
0:41 of 2nd period - Snap shot by Yegor Sharangovich.
0:41 of 2nd period - Stopped by Calvin Pickard without a rebound.
0:42 of 2nd period - Steven Stamkos wins face-off versus Jack Hughes in Detroit Red Wings zone.
0:55 of 2nd period - Snap shot by Jared McCann.
0:55 of 2nd period - Shot Misses the Net.
1:00 of 2nd period - Jack Hughes is hit by MacKenzie Weegar and loses puck.
1:40 of 2nd period - Wrist shot by Eeli Tolvanen.
1:40 of 2nd period - Shot Blocked by Jackson LaCombe.
1:42 of 2nd period - Snap shot by Eeli Tolvanen.
1:42 of 2nd period - Shot Blocked by Jackson LaCombe.
1:54 of 2nd period - Wrist shot by Steven Stamkos.
1:54 of 2nd period - Shot Hit the Post.
1:56 of 2nd period - Snap shot by Patrick Kane.
1:56 of 2nd period - Deflect By Steven Stamkos.
1:56 of 2nd period - Shot Misses the Net.
1:56 of 2nd period - Puck is out of play.
1:57 of 2nd period - Steven Stamkos wins face-off versus Jack Hughes in Minnesota North Stars zone.
2:44 of 2nd period - Rasmus Dahlin is hit by MacKenzie Weegar and loses puck.
3:05 of 2nd period - Wrist shot by William Karlsson.
3:05 of 2nd period - Stopped by Calvin Pickard without a rebound.
3:06 of 2nd period - Jack Hughes wins face-off versus Christian Fischer in Detroit Red Wings zone.
3:07 of 2nd period - Wrist shot by Valeri Nichushkin.
3:07 of 2nd period - Shot Blocked by Zachary Werenski.
3:09 of 2nd period - Minor Penalty to Raphael Lavoie for Roughing.
3:10 of 2nd period - Mika Zibanejad wins face-off versus Frank Vatrano in Detroit Red Wings zone.
3:33 of 2nd period - Wrist shot by William Karlsson.
3:33 of 2nd period - Stopped by Calvin Pickard with a rebound.
3:35 of 2nd period - Slapshot by Neal Pionk.
3:35 of 2nd period - Deflect By Jared McCann.
3:35 of 2nd period - Goal by Neal Pionk - Detroit Red Wings : 1 - Minnesota North Stars : 2.
3:36 of 2nd period - Jack Hughes wins face-off versus Matthew Boldy in neutral zone.
3:41 of 2nd period - Snap shot by Valeri Nichushkin.
3:41 of 2nd period - Shot Blocked by Zachary Werenski.
3:45 of 2nd period - Slapshot by Valeri Nichushkin.
3:45 of 2nd period - Shot Misses the Net.
4:12 of 2nd period - Snap shot by Evgeni Malkin.
4:12 of 2nd period - Stopped by Calvin Pickard without a rebound.
4:13 of 2nd period - Steven Stamkos wins face-off versus Ryan Nugent-Hopkins in Detroit Red Wings zone.
4:28 of 2nd period - Wrist shot by Steven Stamkos.
4:28 of 2nd period - Shot Misses the Net.
4:57 of 2nd period - Slapshot by Ryan Nugent-Hopkins.
4:57 of 2nd period - Shot Misses the Net.
5:11 of 2nd period - Snap shot by Daniel Sprong.
5:11 of 2nd period - Stopped by Stuart Skinner without a rebound.
5:12 of 2nd period - Evgeni Malkin wins face-off versus Mika Zibanejad in Minnesota North Stars zone.
6:04 of 2nd period - Snap shot by Brendan Gallagher.
6:04 of 2nd period - Stopped by Stuart Skinner with a rebound.
6:06 of 2nd period - Snap shot by Brendan Gallagher.
6:06 of 2nd period - Shot Misses the Net.
6:08 of 2nd period - Snap shot by Brendan Gallagher.
6:08 of 2nd period - Shot Misses the Net.
6:20 of 2nd period - Justin Faulk is hit by Christian Fischer and loses puck.
7:13 of 2nd period - Wrist shot by Keegan Kolesar.
7:13 of 2nd period - Shot Misses the Net.
7:37 of 2nd period - Wrist shot by Patrick Kane.
7:37 of 2nd period - Shot Blocked by Dylan DeMelo.
7:59 of 2nd period - Snap shot by Carter Verhaeghe.
7:59 of 2nd period - Shot Blocked by Dylan DeMelo.
8:34 of 2nd period - Snap shot by William Eklund.
8:34 of 2nd period - Stopped by Calvin Pickard with a rebound.
9:14 of 2nd period - Slapshot by Carter Verhaeghe.
9:14 of 2nd period - Shot Misses the Net.
9:16 of 2nd period - Snap shot by Shayne Gostisbehere.
9:16 of 2nd period - Stopped by Stuart Skinner with a rebound.
9:18 of 2nd period - Snap shot by Carter Verhaeghe.
9:18 of 2nd period - Stopped by Stuart Skinner with a rebound.
9:20 of 2nd period - Slapshot by Zach Bogosian.
9:20 of 2nd period - Shot Misses the Net.
9:22 of 2nd period - Wrist shot by Carter Verhaeghe.
9:22 of 2nd period - Stopped by Stuart Skinner with a rebound.
9:32 of 2nd period - Frank Vatrano is hit by Raphael Lavoie and loses puck.
9:41 of 2nd period - Snap shot by William Karlsson.
9:41 of 2nd period - Stopped by Calvin Pickard with a rebound.
10:01 of 2nd period - Slapshot by Daniel Sprong.
10:01 of 2nd period - Shot Blocked by Jack Hughes.
10:37 of 2nd period - Snap shot by William Karlsson.
10:37 of 2nd period - Shot Blocked by MacKenzie Weegar.
11:03 of 2nd period - Snap shot by Mika Zibanejad.
11:03 of 2nd period - Shot Blocked by Justin Faulk.
11:05 of 2nd period - Snap shot by Matthew Boldy.
11:05 of 2nd period - Shot Blocked by Rasmus Dahlin.
11:11 of 2nd period - Minor Penalty to Lawson Crouse for Tripping.
11:12 of 2nd period - William Karlsson wins face-off versus Mika Zibanejad in Minnesota North Stars zone.
11:27 of 2nd period - Snap shot by Carter Verhaeghe.
11:27 of 2nd period - Stopped by Stuart Skinner without a rebound.
11:28 of 2nd period - Steven Stamkos wins face-off versus Ryan Nugent-Hopkins in Minnesota North Stars zone.
11:44 of 2nd period - Off-side.
11:45 of 2nd period - William Karlsson wins face-off versus Mika Zibanejad in neutral zone.
12:21 of 2nd period - Snap shot by Shayne Gostisbehere.
12:21 of 2nd period - Stopped by Stuart Skinner with a rebound.
12:23 of 2nd period - Wrist shot by Jared McCann.
12:23 of 2nd period - Stopped by Stuart Skinner with a rebound.
13:11 of 2nd period - Penalty to Lawson Crouse is over, Lawson Crouse is back on ice.
13:17 of 2nd period - Neal Pionk is hit by Daniel Sprong and loses puck.
13:42 of 2nd period - Jack Hughes is hit by Kevin Stenlund and loses puck.
13:54 of 2nd period - Minor Penalty to Gustav Forsling for Cross-checking.
13:55 of 2nd period - Steven Stamkos wins face-off versus Ryan Nugent-Hopkins in Minnesota North Stars zone.
13:55 of 2nd period - Snap shot by Patrick Kane.
13:55 of 2nd period - Stopped by Stuart Skinner with a rebound.
13:57 of 2nd period - Wrist shot by Patrick Kane.
13:57 of 2nd period - Shot Misses the Net.
14:03 of 2nd period - Wrist shot by Patrick Kane.
14:03 of 2nd period - Deflect By Ryan Nugent-Hopkins.
14:03 of 2nd period - Shot Misses the Net.
14:03 of 2nd period - Puck is out of play.
14:04 of 2nd period - Ryan Nugent-Hopkins wins face-off versus Steven Stamkos in Minnesota North Stars zone.
15:06 of 2nd period - Wrist shot by Matthew Boldy.
15:06 of 2nd period - Goal by Matthew Boldy - Detroit Red Wings : 2 - Minnesota North Stars : 2.
15:07 of 2nd period - Mika Zibanejad wins face-off versus Evgeni Malkin in neutral zone.
15:36 of 2nd period - Snap shot by Evgeni Malkin.
15:36 of 2nd period - Stopped by Calvin Pickard without a rebound.
15:37 of 2nd period - Raphael Lavoie wins face-off versus William Karlsson in Detroit Red Wings zone.
15:51 of 2nd period - Backhand shot by Frank Vatrano.
15:51 of 2nd period - Stopped by Calvin Pickard with a rebound.
16:03 of 2nd period - Justin Faulk is hit by Steven Stamkos and loses puck.
16:55 of 2nd period - Snap shot by Keegan Kolesar.
16:55 of 2nd period - Shot Misses the Net.
17:07 of 2nd period - Snap shot by William Karlsson.
17:07 of 2nd period - Stopped by Calvin Pickard without a rebound.
17:08 of 2nd period - Raphael Lavoie wins face-off versus William Karlsson in Detroit Red Wings zone.
17:51 of 2nd period - Snap shot by William Karlsson.
17:51 of 2nd period - Stopped by Calvin Pickard with a rebound.
18:01 of 2nd period - Snap shot by Patrick Kane.
18:01 of 2nd period - Stopped by Stuart Skinner without a rebound.
18:02 of 2nd period - Jack Hughes wins face-off versus Steven Stamkos in Minnesota North Stars zone.
18:34 of 2nd period - Icing by Matthew Boldy.
18:35 of 2nd period - Mika Zibanejad wins face-off versus Evgeni Malkin in Detroit Red Wings zone.
18:50 of 2nd period - Wrist shot by Evgeni Malkin.
18:50 of 2nd period - Shot Blocked by Shayne Gostisbehere.
18:58 of 2nd period - Minor Penalty to Matthew Boldy for Holding.
18:59 of 2nd period - Kevin Stenlund wins face-off versus Evgeni Malkin in Detroit Red Wings zone.
Goals for this period are 1 for Detroit Red Wings vs 1 for Minnesota North Stars.
Shots for this period are 11 for Detroit Red Wings vs 11 for Minnesota North Stars.
3rd period
0:01 of 3rd period - Kevin Stenlund wins face-off versus William Karlsson in neutral zone.
0:55 of 3rd period - Mika Zibanejad is hit by Brock Nelson and loses puck.
0:58 of 3rd period - Penalty to Matthew Boldy is over, Matthew Boldy is back on ice.
1:28 of 3rd period - Snap shot by Mika Zibanejad.
1:28 of 3rd period - Shot Misses the Net.
1:34 of 3rd period - Snap shot by Daniel Sprong.
1:34 of 3rd period - Shot Misses the Net.
1:36 of 3rd period - Slapshot by Christian Fischer.
1:36 of 3rd period - Stopped by Stuart Skinner with a rebound.
1:57 of 3rd period - Wrist shot by William Eklund.
1:57 of 3rd period - Shot Misses the Net.
2:03 of 3rd period - Minor Penalty to Raphael Lavoie for Cross-checking.
2:04 of 3rd period - Jack Hughes wins face-off versus Kevin Stenlund in Detroit Red Wings zone.
2:17 of 3rd period - Zach Bogosian is hit by Frank Vatrano and loses puck.
3:09 of 3rd period - Icing by Valeri Nichushkin.
3:10 of 3rd period - Kevin Stenlund wins face-off versus Frank Vatrano in Minnesota North Stars zone.
4:03 of 3rd period - Penalty to Raphael Lavoie is over, Raphael Lavoie is back on ice.
4:08 of 3rd period - Icing by MacKenzie Weegar.
4:09 of 3rd period - Ryan Nugent-Hopkins wins face-off versus Mika Zibanejad in Detroit Red Wings zone.
4:16 of 3rd period - Slapshot by Eeli Tolvanen.
4:16 of 3rd period - Stopped by Calvin Pickard with a rebound.
4:18 of 3rd period - Backhand shot by Ryan Nugent-Hopkins.
4:18 of 3rd period - Shot Hit the Post.
4:20 of 3rd period - Slapshot by Matt Roy.
4:20 of 3rd period - Shot Blocked by Raphael Lavoie.
4:22 of 3rd period - Wrist shot by Eeli Tolvanen.
4:22 of 3rd period - Stopped by Calvin Pickard without a rebound.
4:23 of 3rd period - Brock Nelson wins face-off versus Raphael Lavoie in Detroit Red Wings zone.
4:26 of 3rd period - Snap shot by Jack Hughes.
4:26 of 3rd period - Stopped by Calvin Pickard with a rebound.
4:36 of 3rd period - Backhand shot by Shayne Gostisbehere.
4:36 of 3rd period - Shot Misses the Net.
4:38 of 3rd period - Snap shot by Christian Fischer.
4:38 of 3rd period - Stopped by Stuart Skinner with a rebound.
4:57 of 3rd period - Wrist shot by Evgeni Malkin.
4:57 of 3rd period - Deflect By Lawson Crouse.
4:57 of 3rd period - Stopped by Calvin Pickard with a rebound.
5:11 of 3rd period - Wrist shot by Frank Vatrano.
5:11 of 3rd period - Stopped by Calvin Pickard with a rebound.
5:36 of 3rd period - Minor Penalty to Brendan Gallagher for Slashing.
5:37 of 3rd period - Mika Zibanejad wins face-off versus Evgeni Malkin in Detroit Red Wings zone.
6:24 of 3rd period - Gustav Forsling is hit by Zach Bogosian and loses puck.
7:36 of 3rd period - Penalty to Brendan Gallagher is over, Brendan Gallagher is back on ice.
8:08 of 3rd period - Steven Stamkos is hit by William Eklund and loses puck.
10:03 of 3rd period - Dylan DeMelo is hit by MacKenzie Weegar and loses puck.
10:56 of 3rd period - Brendan Gallagher is hit by Justin Faulk.
11:37 of 3rd period - Valeri Nichushkin is hit by Daniel Sprong and loses puck.
12:18 of 3rd period - Wrist shot by Brendan Gallagher.
12:18 of 3rd period - Shot Misses the Net.
12:28 of 3rd period - Zachary Werenski is hit by Neal Pionk and loses puck.
12:57 of 3rd period - Zachary Werenski is hit by Brock Nelson.
14:00 of 3rd period - Ryan Nugent-Hopkins is hit by Carter Verhaeghe and loses puck.
14:42 of 3rd period - Patrick Kane is hit by Frank Vatrano and loses puck.
14:54 of 3rd period - Icing by Dylan DeMelo.
14:55 of 3rd period - Kevin Stenlund wins face-off versus William Karlsson in Minnesota North Stars zone.
15:20 of 3rd period - Snap shot by William Karlsson.
15:20 of 3rd period - Stopped by Calvin Pickard without a rebound.
15:21 of 3rd period - Steven Stamkos wins face-off versus Evgeni Malkin in Detroit Red Wings zone.
15:36 of 3rd period - Snap shot by Steven Stamkos.
15:36 of 3rd period - Stopped by Stuart Skinner without a rebound.
15:37 of 3rd period - Mika Zibanejad wins face-off versus Jack Hughes in Minnesota North Stars zone.
15:46 of 3rd period - MacKenzie Weegar is hit by Rasmus Dahlin and loses puck.
16:26 of 3rd period - Off-side.
16:27 of 3rd period - Mika Zibanejad wins face-off versus William Karlsson in neutral zone.
16:52 of 3rd period - Slapshot by William Karlsson.
16:52 of 3rd period - Stopped by Calvin Pickard with a rebound.
17:06 of 3rd period - Slapshot by William Karlsson.
17:06 of 3rd period - Stopped by Calvin Pickard without a rebound.
17:07 of 3rd period - Steven Stamkos wins face-off versus Lawson Crouse in Detroit Red Wings zone.
17:42 of 3rd period - Slapshot by Zachary Werenski.
17:42 of 3rd period - Stopped by Stuart Skinner with a rebound.
17:44 of 3rd period - Wrist shot by Brendan Gallagher.
17:44 of 3rd period - Stopped by Stuart Skinner with a rebound.
18:01 of 3rd period - Snap shot by Daniel Sprong.
18:01 of 3rd period - Shot Misses the Net.
18:03 of 3rd period - Slapshot by Kevin Shattenkirk.
18:03 of 3rd period - Stopped by Stuart Skinner without a rebound.
18:04 of 3rd period - Evgeni Malkin wins face-off versus Steven Stamkos in Minnesota North Stars zone.
18:11 of 3rd period - Slapshot by Neal Pionk.
18:11 of 3rd period - Deflect By Lawson Crouse.
18:11 of 3rd period - Stopped by Calvin Pickard without a rebound.
18:12 of 3rd period - Evgeni Malkin wins face-off versus Steven Stamkos in Detroit Red Wings zone.
18:19 of 3rd period - Slapshot by Yegor Sharangovich.
18:19 of 3rd period - Shot Misses the Net.
18:21 of 3rd period - Wrist shot by Yegor Sharangovich.
18:21 of 3rd period - Shot Misses the Net.
18:23 of 3rd period - Slapshot by Dylan DeMelo.
18:23 of 3rd period - Deflect By Yegor Sharangovich.
18:23 of 3rd period - Shot Blocked by Zach Bogosian.
18:23 of 3rd period - Puck is out of play.
18:24 of 3rd period - Patrick Kane wins face-off versus Evgeni Malkin in Detroit Red Wings zone.
18:24 of 3rd period - Patrick Kane is hit by Neal Pionk.
19:42 of 3rd period - Off-side.
19:43 of 3rd period - Steven Stamkos wins face-off versus Ryan Nugent-Hopkins in neutral zone.
19:46 of 3rd period - William Eklund is hit by Zachary Werenski and loses puck.
19:53 of 3rd period - Slapshot by Neal Pionk.
19:53 of 3rd period - Shot Misses the Net.
19:55 of 3rd period - Snap shot by Dylan DeMelo.
19:55 of 3rd period - Shot Misses the Net.
19:57 of 3rd period - Snap shot by Ryan Nugent-Hopkins.
19:57 of 3rd period - Shot Blocked by Jared McCann.
19:59 of 3rd period - Slapshot by Dylan DeMelo.
19:59 of 3rd period - Shot Misses the Net.
Goals for this period are 0 for Detroit Red Wings vs 0 for Minnesota North Stars.
Shots for this period are 6 for Detroit Red Wings vs 9 for Minnesota North Stars.
Overtime #1
0:01 of 1st overtime period - Mika Zibanejad wins face-off versus Evgeni Malkin in neutral zone.
2:14 of 1st overtime period - Rasmus Dahlin is hit by Steven Stamkos and loses puck.
2:21 of 1st overtime period - Steven Stamkos is hit by Neal Pionk.
2:37 of 1st overtime period - Rasmus Dahlin is hit by Jackson LaCombe and loses puck.
2:54 of 1st overtime period - Icing by Gustav Forsling.
2:55 of 1st overtime period - Mika Zibanejad wins face-off versus Evgeni Malkin in Minnesota North Stars zone.
3:33 of 1st overtime period - Icing by Steven Stamkos.
3:34 of 1st overtime period - Ryan Nugent-Hopkins wins face-off versus Steven Stamkos in Detroit Red Wings zone.
4:59 of 1st overtime period - Rasmus Dahlin is hit by MacKenzie Weegar and loses puck.
Goals for this period are 0 for Detroit Red Wings vs 0 for Minnesota North Stars.
Shots for this period are 0 for Detroit Red Wings vs 0 for Minnesota North Stars.
ShootOut
5:00 of 1st overtime period - Round #1.
5:00 of 1st overtime period - Detroit Red Wings, Mika Zibanejad.
5:00 of 1st overtime period - Deke by Mika Zibanejad.
5:00 of 1st overtime period - Stopped by Stuart Skinner.
5:00 of 1st overtime period - Minnesota North Stars, Valeri Nichushkin.
5:00 of 1st overtime period - Wrist shot by Valeri Nichushkin.
5:00 of 1st overtime period - Shot Misses the Net.
5:00 of 1st overtime period - Round #2.
5:00 of 1st overtime period - Detroit Red Wings, Steven Stamkos.
5:00 of 1st overtime period - Deke by Steven Stamkos.
5:00 of 1st overtime period - Stopped by Stuart Skinner.
5:00 of 1st overtime period - Minnesota North Stars, Evgeni Malkin.
5:00 of 1st overtime period - Wrist shot by Evgeni Malkin.
5:00 of 1st overtime period - Stopped by Calvin Pickard.
5:00 of 1st overtime period - Round #3.
5:00 of 1st overtime period - Detroit Red Wings, Matthew Boldy.
5:00 of 1st overtime period - Snap shot by Matthew Boldy.
5:00 of 1st overtime period - Shot Misses the Net.
5:00 of 1st overtime period - Minnesota North Stars, William Karlsson.
5:00 of 1st overtime period - Deke by William Karlsson.
5:00 of 1st overtime period - Stopped by Calvin Pickard.
5:00 of 1st overtime period - Round #4.
5:00 of 1st overtime period - Detroit Red Wings, Carter Verhaeghe.
5:00 of 1st overtime period - Deke by Carter Verhaeghe.
5:00 of 1st overtime period - Stopped by Stuart Skinner.
5:00 of 1st overtime period - Minnesota North Stars, Jack Hughes.
5:00 of 1st overtime period - Snap shot by Jack Hughes.
5:00 of 1st overtime period - Shot Misses the Net.
5:00 of 1st overtime period - Round #5.
5:00 of 1st overtime period - Detroit Red Wings, Jared McCann.
5:00 of 1st overtime period - Snap shot by Jared McCann.
5:00 of 1st overtime period - Stopped by Stuart Skinner.
5:00 of 1st overtime period - Minnesota North Stars, Brock Nelson.
5:00 of 1st overtime period - Wrist shot by Brock Nelson.
5:00 of 1st overtime period - Stopped by Calvin Pickard.
5:00 of 1st overtime period - Round #6.
5:00 of 1st overtime period - Detroit Red Wings, Zach Bogosian.
5:00 of 1st overtime period - Wrist shot by Zach Bogosian.
5:00 of 1st overtime period - Stopped by Stuart Skinner.
5:00 of 1st overtime period - Minnesota North Stars, Yegor Sharangovich.
5:00 of 1st overtime period - Deke by Yegor Sharangovich.
5:00 of 1st overtime period - Goal by Yegor Sharangovich.
Back to the Top